 Dungeon Crawl Stone Soup version 0.30-a0-354-g6b83867211 (webtiles) character file.

Game seed: 4453704069246436552

378 oldriver the Changer (level 6, 0/62 HPs)
             Began as an Ogre Transmuter on Nov 8, 2022.
             Slain by an iguana (9 damage)
             ... on level 5 of the Dungeon.
             The game lasted 00:05:15 (3854 turns).

oldriver the Changer (Ogre Transmuter)              Turns: 3854, Time: 00:05:16

Health: 0/62       AC:  4    Str: 15    XL:     6   Next: 74%
Magic:  12/12      EV:  9    Int: 16    God:
Gold:   128        SH:  0    Dex:  9    Spells: 10/13 levels left

rFire   . . .      SeeInvis .    g - +2 trident (flame)
rCold   . . .      Faith    .    (no shield)
rNeg    . . .      Spirit   .    a - +1 robe
rPois   .          Reflect  .    (helmet restricted)
rElec   .          Harm     .    (no cloak)
rCorr   .          Rampage  .    (gloves unavailable)
Will    .....                    (boots unavailable)
Stlth   +.........               (no amulet)
HPRegen 0.30/turn                (no ring)
MPRegen 0.13/turn                (no ring)

@: no status effects
A: large, unfitting armour, tough skin 1
a: no special abilities


You were on level 5 of the Dungeon.
You visited 1 branch of the dungeon, and saw 5 of its levels.

You collected 200 gold pieces.
You spent 72 gold pieces at shops.

Inventory:

Hand Weapons
 f - a +1 whip of distortion
 g - a +2 trident of flaming (weapon)
Missiles
 j - 2 throwing nets
Armour
 a - a +1 robe (worn)
Jewellery
 e - a ring of fire
 n - a ring of willpower
 v - a ring of ice
Scrolls
 q - 3 scrolls of poison
Potions
 b - a potion of brilliance {unknown}
 c - 3 potions of flight {unknown}
 d - a potion of mutation {unknown}
 h - 2 potions of berserk rage
 i - a potion of resistance {unknown}
 k - a potion of cancellation {unknown}
 l - 2 potions of magic
 m - 2 potions of heal wounds {unknown}
 o - a potion of attraction {unknown}
 p - 2 potions of might {unknown}
 r - a potion of degeneration {unknown}
 s - 2 potions of curing {unknown}


   Skills:
 + Level 4.1 Fighting
 + Level 2.4 Polearms
 - Level 1.7 Dodging
 - Level 2.6 Unarmed Combat
 + Level 4.0 Spellcasting
 * Level 4.2 Transmutations


You had 10 spell levels left.
You knew the following spells:

 Your Spells              Type           Power      Damage    Failure   Level
a - Beastly Appendage     Tmut           32%        N/A       3%          1
b - Wereblood             Tmut           16%        N/A       4%          2

Your spell library contained the following spells:

 Spells                   Type           Power      Damage    Failure   Level
 Spider Form              Tmut/Pois      10%        N/A       22%         3
 Call Canine Familiar     Summ           3%         N/A       45%         3
 Portal Projectile        Hex/Tloc       6%         N/A       45%         3
 Ice Form                 Ice/Tmut       10%        N/A       56%         4
 Leda's Liquefaction      Hex/Erth       1%         N/A       86%         4


Dungeon Overview and Level Annotations

Branches:
Dungeon (5/15)
 Temple: D:4-7

Altars:

Shops:
D:4 *


Innate Abilities, Weirdness & Mutations

You are too large for most types of armour.
You have tough skin. (AC +1)


Message History

The acid dragon roars!
Really read the scroll of poison?
You can't even see any enemies this would affect.
Okay, then.
The acid dragon spits acid at you. The splash of acid hits you!
The acid corrodes you!
There is an open door here.
You close the door.
You are no longer corroded.
There is a stone staircase leading up here.
You climb upwards.
There is a stone staircase leading down here.
There is a stone staircase leading down here.
You climb downwards.
You hear the hiss of flowing sand.
There is an entrance to an ossuary on this level.
Hurry and find it before the portal is buried!
You hear the slow hiss of a very distant avalanche of sand.
There is a stone staircase leading up here.
The iguana bites you! The iguana bites you.
You open the door. The iguana barely misses you. The iguana bites you.
There is an open door here.
You open the door. The iguana barely misses you.
Found a scroll labelled FENWUD NECK.
The iguana attacks as you move away! The iguana bites you!
You hit the iguana. You burn the iguana.
The iguana is moderately wounded.
The iguana bites you!
You closely miss the iguana.
The iguana is moderately wounded.
The iguana bites you!
* * * LOW HITPOINT WARNING * * *
You hit the iguana. You burn the iguana.
The iguana is heavily wounded.
The iguana bites you.
* * * LOW HITPOINT WARNING * * *
You barely miss the iguana.
The iguana is heavily wounded.
The iguana bites you!
You die...

....# #......#
....#
#......#......?
....#
#......#......
....+
#.....<#.....
..D.# #......#....
....# #......#...
....##+#......#..
##............#'##
.#............'l@#
.#............#..#
##............####
...............
................
................
.................
..##+###......###
..# ##


You could see an iguana.

Vanquished Creatures
  2 orc priests
  A hound (D:4)
  Jessica (D:2)
  2 orc wizards
  7 adders
  4 gnolls (D:3)
  A white imp (D:5)
  3 worms
  4 dart slugs
  9 orcs
  5 bats
  8 endoplasms
  3 giant cockroaches
  4 goblins
  5 hobgoblins
  7 quokkas
  7 ball pythons
  2 frilled lizards (D:3)
  7 kobolds
  7 rats
89 creatures vanquished.

Notes
Turn   | Place    | Note
-------+----------+-------------------------------------------
     0 | D:1      | oldriver the Ogre Transmuter began the quest for the Orb.
     0 | D:1      | Reached XP level 1. HP: 19/19 MP: 3/3
   132 | D:1      | Reached XP level 2. HP: 28/28 MP: 3/5
   450 | D:1      | Reached XP level 3. HP: 29/35 MP: 5/7
   642 | D:1      | Found a faded altar of an unknown god.
   916 | D:2      | Noticed Jessica
   920 | D:2      | Killed Jessica
   921 | D:2      | Reached skill level 1 in Polearms
   921 | D:2      | Reached XP level 4. HP: 44/44 MP: 6/8
   924 | D:2      | Learned a level 2 spell: Wereblood
  1710 | D:3      | Reached XP level 5. HP: 49/53 MP: 7/9
  2340 | D:3      | Reached XP level 6. HP: 20/61 MP: 9/11
  3220 | D:4      | Found Roxiod's Assorted Antiques.
  3253 | D:4      | Bought a bubbling grey potion for 23 gold pieces
  3253 | D:4      | Bought a scroll labelled TUGISH YTAFOCH for 26 gold pieces
  3253 | D:4      | Bought a fizzy ruby potion for 23 gold pieces
  3739 | D:5      | Entered Level 5 of the Dungeon
  3811 | D:5      | Noticed an acid dragon
  3854 | D:5      | Slain by an iguana

Illustrated notes

Levels and vault maps discovered:
D:1:      dpeg_arrival_tiny_g, layout_basic, shapermc_ecumenical_altar_venn,
          chequers_mini_garden
D:2:      layout_rooms, uniq_jessica
D:3:      kennysheep_six_static_rooms, layout_loops_corners
D:4:      layout_loops_ring, serial_shops, nicolae_diamond_shop
D:5:      layout_gridville, nicolae_overflow_hallway_of_the_gods,
          dk_yredelemnul_ordeal, lightli_ossuary_entry_decrepit_ruins

Skill      XL: |  1  2  3  4  5  6 |
---------------+-------------------+-----
Transmutations | 2 3 4 |  4.2
Fighting       | 2 3 4 |  4.1
Polearms       | 1 2 |  2.4
Spellcasting   | 3 4 |  4.0
Dodging        | |  1.7
Unarmed Combat | |  2.6

Action                   |  1- 3 |  4- 6 || total
-------------------------+-------+-------++-------
Melee: Unarmed           |    19 |       ||    19
       Kick              |     9 |    13 ||    22
       Headbutt          |     4 |     6 ||    10
       Trident           |    54 |   151 ||   205
       Punch             |       |     1 ||     1
 Cast: Beastly Appendage |    16 |    31 ||    47
       Wereblood         |       |    11 ||    11
  Use: Potion            |       |     1 ||     1
       Scroll            |       |    11 ||    11
Armor: Robe              |    12 |    25 ||    37
       Skin              |       |    21 ||    21
Dodge: Dodged            |    34 |    63 ||    97

Table legend: (Time is in decaauts)
 A = Elapsed time spent in this place.
 B = Non-inter-level travel time spent in this place.
 C = Inter-level travel time spent in this place.
 D = Time resting spent in this place.
 E = Time spent auto-exploring this place.
 F = Levels seen in this place.
 G = Mean time per level.
                   A        B        C        D        E       F      G
               +--------+--------+--------+--------+--------+-----+--------+
         Total |   3900 |   3862 |     38 |    362 |   2776 |   5 |  780.0 |
       Dungeon |   3900 |   3862 |     38 |    362 |   2776 |   5 |  780.0 |
               +--------+--------+--------+--------+--------+-----+--------+

Top non-repeatable levels by time:
     D:3: 1614 daAuts
     D:4: 783 daAuts
     D:1: 782 daAuts
     D:2: 615 daAuts
     D:5: 104 daAuts
